 Dungeon Crawl Stone Soup version 0.18-a0-943-g2c08dd4 (webtiles) character file.

19 Gorice the Sneak (level 2, -1/12 HPs)
             Began as a Felid Wanderer on Dec 28, 2015.
             Slain by a kobold
             ... wielding a +0 short sword
              (6 damage)
             ... on level 1 of the Dungeon.
             The game lasted 00:05:03 (1077 turns).

Gorice the Sneak (Felid Wanderer)                   Turns: 1077, Time: 00:05:03

Health: -1/12      AC:  1    Str: 10    XL:     2   Next: 55%
Magic:  5/6        EV: 16    Int: 12    God:
Gold:   80         SH:  0    Dex: 14    Spells: 2 memorised, 2 levels left
                                        Lives:  0   Deaths: 0

rFire  . . .     SeeInvis +       - Unarmed
rCold  . . .     Gourm    .     (armour unavailable)
rNeg   . . .     Faith    .     (shield unavailable)
rPois  .         Spirit   .     (helmet unavailable)
rElec  .         Dismiss  .     (cloak unavailable)
rCorr  .         Reflect  .     (gloves unavailable)
SustAt .         Harm     .     (boots unavailable)
MR     .....                    (no amulet)
Stlth  +++.......               (no ring)
                                (no ring)

@: appendage (expiring), quick, not resistant to hostile enchantments, fairly
stealthy
A: no armour, no weapons or thrown items, claws 1, fangs 3, horns 2, see
invisible, carnivore 3, speed 1, shaggy fur 1, slow metabolism 1, sharp paws
a: End Transformation


You were on level 1 of the Dungeon.
You were completely stuffed.
You had grown temporary horns.
You visited 1 branch of the dungeon, and saw 1 of its levels.

You collected 80 gold pieces.

Inventory:

Hand Weapons
 f - a +0 club
 l - a +0 club
Scrolls
 e - a scroll of enchant armour {unknown}
 g - a scroll of magic mapping {unknown}
 j - a scroll of teleportation {unknown}
 k - a scroll of random uselessness {unknown}
Potions
 c - a potion of lignification {!q}
 h - a potion of haste {unknown}
Books
 a - a book of Changes
 b - Haluos's Disquisition on Unholy Rites

   Spells                             Type                      Level
   a - Pain                           Necromancy                   1
   b - Regeneration                   Charms/Necromancy            3
Comestibles
 d - a meat ration {!e}
 i - a slice of pizza


   Skills:
 - Level 1.0 Fighting
 - Level 1.3 Dodging
 - Level 4.0 Stealth
 * Level 1.0 Unarmed Combat
 + Level 2.1 Spellcasting
 * Level 3.9 Transmutations


You had 2 spell levels left.
You knew the following spells:

 Your Spells              Type           Power        Failure   Level  Hunger
a - Beastly Appendage     Trmt           ##....       8%          1    ##.....
b - Sticks to Snakes      Trmt           ##......     12%         2    ###....


Dungeon Overview and Level Annotations

Branches:
Dungeon (1/15)

Altars:


Innate Abilities, Weirdness & Mutations

You cannot wear armour.
You are incapable of wielding weapons or throwing items.
You have sharp claws.
You have razor-sharp teeth.
You have supernaturally acute eyesight.
You are carnivorous and can eat meat at any time.
You cover ground quickly.
You are covered in fur (AC +1).
You have a slow metabolism.
Your sharp claws are effective at attacking unaware monsters.
You have a pair of horns on your head.


Message History

Done exploring.
Search for what [? for help]? arrow Can't find anything matching that.
Search for what [Enter for "arrow", or ? for help]? stick Search for what [Enter for "stick", or ? for help]? club Unknown command.
Memorise Sticks to Snakes, consuming 2 spell levels and leaving 2?
You start memorising the spell.
You continue memorising.
You continue memorising.
You finish memorising.
Spell assigned to 'b'.
You see here a club.
f - a club Wield which item (- for none, * to show all)? (? for menu, Esc to quit)
You can't use weapons.
Search for what [Enter for "club", or ? for help]?
You see here a club.
l - a club Search for what [Enter for "club", or ? for help]?
A kobold comes into view. It is wielding a short sword.
There are no items here.
Casting: Beastly Appendage
Confirm with . or Enter, or press ? or * to list all spells.
You grow a pair of large bovine horns.
The kobold shouts!
The kobold closely misses you.
You scratch the kobold.
The kobold is heavily wounded.
The kobold completely misses you.
You closely miss the kobold.
The kobold is heavily wounded.
The kobold hits you with a short sword.
Ouch! That really hurt!
Damage: 6 (max 6)
You closely miss the kobold.
The kobold is heavily wounded.
Your transformation is almost over.
The kobold hits you with a short sword.
Damage: 1 (max 6)
You completely miss the kobold.
The kobold is heavily wounded.
The kobold barely misses you.
You closely miss the kobold.
The kobold is heavily wounded.
The kobold closely misses you.
You scratch the kobold but do no damage.
Your headbutt misses the kobold.
The kobold is heavily wounded.
The kobold hits you with a short sword.
Ouch! That really hurt!
You die...

...#...≈...#...#.#.#.#...#....#.#
...#.⌠.≈.⌠.#...#.....#######..#..
...#...≈...#.>.#.....#........#..
...#.⌠.≈.⌠.#.#.#.#.#.#.#..#...#.)
##.#...≈...#.#.#.....#.#..#...#.#
##.#.⌠.≈.⌠.#.#.#.....###..#.....#
.#.#...≈...#.#.#.#.#.#..........#
...#.⌠.≈.⌠.#.#.#.....#.##.##.##.#
.#.#...≈...#)#.#@....#.#......#.#
...#.⌠.≈.⌠.#....K......###..###.#
.#.#...≈...#........#..#......#..
...###...###..'...'.#..##.##.####
.#...##∩#####.(........#..[...#
......#.###.......###..#.####.#
.#.##.#)#.........#....#......#
....#...)(#(.####...#.###.##.##
.#..#.#####..# #####.##......#


You could see a kobold.

Vanquished Creatures
  A giant cockroach (D:1)
  2 hobgoblins (D:1)
  A kobold (D:1)
  3 bats (D:1)
  2 giant geckos (D:1)
  4 giant newts (D:1)
  5 goblins (D:1)
  2 rats (D:1)
20 creatures vanquished.

Notes
Turn   | Place    | Note
--------------------------------------------------------------
     0 | D:1      | Gorice the Felid Wanderer began the quest for the Orb.
     0 | D:1      | Gorice set off with: a book of Changes, Haluos's Disquisition on Unholy Rites, a potion of lignification {!q}, a meat ration {!e}
     0 | D:1      | Reached XP level 1. HP: 9/9 MP: 4/4
     0 | D:1      | Identified Haluos's Disquisition on Unholy Rites
     2 | D:1      | Learned a level 1 spell: Beastly Appendage
   205 | D:1      | Reached XP level 2. HP: 12/12 MP: 4/6
   433 | D:1      | Reached skill level 1 in Unarmed Combat
  1026 | D:1      | Learned a level 2 spell: Sticks to Snakes
  1077 | D:1      | Slain by a kobold

Vault maps used:
D:1:      mainiacjoe_arrival_reflecting_pool, columned_hall_lemuel,
          minmay_misc_feat_alley, minmay_misc_feat_encased, st_stairs_5,
          hangedman_abyss_or_decor_lesser_grid

Action                   || total
-------------------------++-------
Melee: Unarmed           ||    41
 Cast: Beastly Appendage ||    11
 Stab: Sleeping          ||     8
  Eat: Chunk             ||     8

Table legend:
 A = Turns spent in this place as a percentage of turns spent in the entire game.
 B = Non-inter-level travel turns spent in this place as a percentage of non-inter-level travel turns spent in the entire game.
 C = Inter-level travel turns spent in this place as a percentage of turns spent in this place.
 D = Turns resting spent in this place as a percentage of non-inter-level travel turns spent in this place.
 E = Turns spent auto-exploring this place as a percentage of non-inter-level travel turns spent in this place.
 F = Non-inter-level travel turns spent in this place divided by the number of levels of this place that you've seen.
                   A       B       C       D       E      F
               +-------+-------+-------+-------+-------+----------------------
         Total | 100.0 | 100.0 |   0.9 |   2.4 |   5.5 | 330.0
       Dungeon | 100.0 | 100.0 |   0.9 |   2.4 |   5.5 | 330.0
               +-------+-------+-------+-------+-------+----------------------

Vault maps used:
D:1:      mainiacjoe_arrival_reflecting_pool, columned_hall_lemuel,
          minmay_misc_feat_alley, minmay_misc_feat_encased, st_stairs_5,
          hangedman_abyss_or_decor_lesser_grid
